AoeStats
← zypro

MegaRandom

510700061Analyzed
4v4 RM · 1d ago on Oct 2, 2026· 40m 33s· 8 players
Game mode
Random Map
Map size
Large (8 player)
Population
200
Speed
Normal
Resources
Standard
Victory
Conquest
Starting age
Dark Age
Ending age
Imperial Age
RankedLock teamsTeams togetherTeam positionsShared explorationLock speedFull tech treeHidden civsTurbo modeCheats
Victory
Defeat
🇨🇳 Cumans · China
1947
+8
🇨🇳 Bengalis · China
1708
+17
🇨🇳 Mongols · China
1666
+19
🇦🇺 Armenians · Australia
1547
+24
🇲🇽 Italians · Mexico
1786
-19
🇲🇽 Portuguese · Mexico
1778
-19
🇲🇽 Lithuanians · Mexico
1723
-16
🇲🇽 Inca · Mexico
1659
-14
Noob ai
8:17 Loom
10:08 Feudal Age
16:37 Castle Age
24:08 Horse Collar
29:20 Double-Bit Axe
30:12 Wheelbarrow
35:36 Imperial Age
33:41 Fletching
34:05 Stone Mining
34:27 Bow Saw
34:12 Gold Mining
35:31 Hand Cart
35:21 Town Watch
36:19 Ballistics
36:02 Bodkin Arrow
35:44 Elite Skirmisher
36:56 Conscription
37:17 Town Patrol
37:26 Padded Archer Armor
37:52 Bracer
38:45 Leather Archer Armor
40:47 Chemistry
Izumi Yuki
5:46 Loom
5:52 Loom
8:10 Feudal Age
9:08 Double-Bit Axe
9:06 Horse Collar
18:37 Castle Age
18:15 Forging
19:31 Bow Saw
19:03 Light Cavalry
20:54 Wheelbarrow
20:52 Bloodlines
21:33 Town Watch
29:34 Fletching
29:45 Husbandry
31:01 Bodkin Arrow
35:06 Ballistics
35:00 Padded Archer Armor
36:10 Heavy Plow
36:29 Gold Mining
37:24 Leather Archer Armor
42:30 Imperial Age
zypro
9:32 Feudal Age
10:13 Loom
10:23 Double-Bit Axe
11:11 Horse Collar
15:31 Wheelbarrow
19:33 Castle Age
20:49 Bow Saw
23:25 Town Watch
24:17 Scale Barding Armor
25:31 Chain Barding Armor
28:00 Heavy Plow
28:31 Husbandry
30:23 Hand Cart
33:45 Imperial Age
32:18 Gold Mining
32:51 Forging
32:54 Bloodlines
34:12 Iron Casting
35:07 Plate Barding Armor
36:25 Chemistry
35:16 Elite Battle Elephant
36:22 Ballistics
37:03 Blast Furnace
36:38 Fletching
37:01 Masonry
38:39 Conscription
38:24 Paiks
38:50 Bodkin Arrow
40:11 Light Cavalry
41:23 Architecture
40:59 Siege Engineers
OX
8:27 Feudal Age
9:01 Double-Bit Axe
9:26 Horse Collar
12:49 Loom
15:34 Wheelbarrow
20:08 Castle Age
19:12 Bloodlines
19:08 Scale Barding Armor
19:37 Forging
21:17 Chain Barding Armor
21:08 Bow Saw
22:41 Heavy Plow
24:41 Gold Mining
26:56 Hand Cart
27:07 Town Watch
29:42 Fletching
33:43 Imperial Age
32:37 Iron Casting
32:53 Gold Shaft Mining
35:01 Plate Barding Armor
33:49 Cavalier
34:50 Conscription
36:23 Blast Furnace
35:15 Paladin
36:59 Blast Furnace
37:33 Bodkin Arrow
cAOs
6:47 Loom
8:59 Feudal Age
9:38 Double-Bit Axe
9:34 Horse Collar
20:23 Castle Age
19:43 Gold Mining
20:36 Scale Barding Armor
20:42 Bloodlines
20:27 Light Cavalry
21:08 Husbandry
24:13 Chain Barding Armor
32:18 Forging
33:41 Wheelbarrow
35:21 Bow Saw
39:55 Imperial Age
38:19 Pikeman
MrOsoVC8
5:27 Loom
7:59 Feudal Age
8:33 Double-Bit Axe
14:33 Fletching
18:07 Town Watch
21:55 Castle Age
20:25 Padded Archer Armor
20:32 Horse Collar
20:43 Gold Mining
22:06 Crossbowman
22:42 Bodkin Arrow
24:13 Ballistics
25:43 Wheelbarrow
34:00 Imperial Age
32:25 Leather Archer Armor
32:03 Stone Mining
33:15 Thumb Ring
33:52 Bow Saw
34:31 Hand Cart
34:54 Bracer
36:17 Ring Archer Armor
37:51 Chemistry
37:10 Elite Genoese Crossbowman
38:51 Heavy Plow
39:28 Town Patrol
eL| Barry_Allen
7:19 Loom
9:27 Feudal Age
10:18 Double-Bit Axe
12:54 Town Watch
15:35 Fletching
16:48 Scale Mail Armor
22:35 Castle Age
20:32 Horse Collar
21:06 Gold Mining
21:42 Padded Archer Armor
22:39 Crossbowman
23:22 Bodkin Arrow
23:16 Pikeman
23:56 Squires
26:09 Ballistics
27:03 Forging
29:03 Wheelbarrow
31:15 Hand Cart
34:18 Leather Archer Armor
Hina_
5:08 Loom
9:03 Feudal Age
10:04 Double-Bit Axe
10:00 Horse Collar
17:03 Town Watch
19:58 Castle Age
17:51 Horse Collar
19:59 Light Cavalry
20:50 Bloodlines
20:52 Forging
21:56 Wheelbarrow
23:03 Iron Casting
23:23 Fervor
27:43 Scale Barding Armor
27:41 Husbandry
29:16 Chain Barding Armor
36:05 Squires
35:26 Pikeman
36:07 Scale Mail Armor
Connection lost

Rejoining the realm…

Still unreachable

The connection could not be restored.

Session expired

The server has moved on; the page needs a fresh start.